Map: Year Zero LE

Players

PtitDrogo - Winner!

  • Race: Protoss Protoss
  • Spawn Location: 11:00

Ziggy

  • Race: Terran Terran
  • Spawn Location: 1:00

Event: 2019 WCS Spring

VOD

Have the link to the VOD?

Description

Time

  • Played on: May 17, 2019, 10:42 a.m.
  • Length: 13:01

All games in this series

Show
View Real Time Build Order
Export as new Build Order

PtitDrogo Protoss - Winner!

Build Orders: 1 Gate Expand, Zealot Archon 

Get SALT Encoding   

  12  0:00  Probe  
  13  0:12  Probe  
  14  0:18  Pylon  
  14  0:24  Probe  
  15  0:32  Probe  
  15  0:38  Gateway  
  15  0:40  Probe  
  16  0:46  Assimilator  
  17  0:51  Probe  
  18  1:03  Probe  
  19  1:15  Probe  
  20  1:24  Nexus  
  20  1:33  Cybernetics Core  
  20  1:36  Probe  
  21  1:42  Assimilator  
  21  1:48  Probe  
  21  1:53  Pylon  
  22  2:00  Probe  
  22  2:01  Stalker  
  23  2:12  Probe  
  26  2:18  Robotics Facility  
  26  2:21  Warp Gate  
  26  2:25  Probe  
  26  2:28  Stalker  
  27  2:36  Probe  
  30  2:46  Probe  
  30  2:49  Probe  
  32  2:52  Stalker  
  32  2:59  Probe  
  32  3:00  Observer  
  32  3:01  Probe  
  36  3:10  Probe  
  36  3:11  Probe  
  38  3:19  Probe  
  39  3:23  Probe  
  39  3:24  Observer  
  39  3:25  Gateway  
  42  3:27  Probe  
  42  3:28  Gateway  
  43  3:35  Pylon  
  43  3:37  Probe  
  43  3:40  Probe  
  45  3:49  Probe  
  45  3:52  Probe  
  42  4:06  Probe x2  
  42  4:07  Observer  
  45  4:18  Probe x2  
  45  4:20  Stalker x2  
  51  4:24  Stalker  
  51  4:26  Pylon  
  51  4:30  Probe  
  54  4:39  Nexus  
  54  4:44  Probe x2  
  56  4:52  Assimilator  
  56  4:55  Assimilator  
  56  4:56  Probe  
  56  4:57  Probe  
  58  5:00  Robotics Bay  
  58  5:05  Twilight Council  
  58  5:06  Forge  
  58  5:07  Probe  
  58  5:08  Probe  
  60  5:15  Probe  
  60  5:16  Probe  
  60  5:18  Pylon  
  62  5:31  Charge  
  62  5:35  Protoss Ground Weapons Level 1  
  62  5:36  Probe x2  
  62  5:39  Pylon, Warp Prism  
  62  5:47  Probe  
  62  5:48  Probe  
  64  5:52  Probe  
  64  5:55  Probe  
  65  6:00  Probe  
  65  6:03  Probe  
  66  6:04  Probe  
  66  6:07  Templar Archives  
  68  6:12  Probe  
  68  6:15  Probe  
  68  6:16  Probe  
  71  6:22  Gateway x2  
  71  6:25  Gateway, Probe  
  72  6:26  Gateway x2  
  72  6:27  Observer, Probe  
  72  6:28  Probe  
  72  6:30  Gateway  
  74  6:37  Probe  
  74  6:38  Pylon  
  74  6:39  Probe  
  76  6:40  Probe  
  76  6:45  High Templar x3  
  83  6:49  Probe  
  83  6:51  Assimilator, Probe  
  83  6:52  Probe  
  86  6:54  Assimilator  
  86  6:55  Pylon  
  86  6:57  Pylon, Archon  
  86  7:01  Probe  
  87  7:03  Probe  
  87  7:06  Probe  
  87  7:07  Pylon  
  89  7:19  Pylon  
  89  7:21  High Templar  
  89  7:22  High Templar  
  93  7:23  Zealot x3, High Templar x2  
  93  7:24  Zealot  
  105  7:30  Nexus  
  105  7:32  Photon Cannon  
  105  7:33  Pylon  
  105  7:36  Photon Cannon, Archon  
  105  7:37  Archon  
  105  7:44  Stalker  
  105  7:47  Stalker  
  106  7:54  Probe x2  
  106  7:56  Zealot x5  
  106  7:57  Probe  
  97  8:03  Probe  
  97  8:05  Probe  
  97  8:09  Probe  
  97  8:11  Probe  
  95  8:12  Warp Prism  
  95  8:13  Probe  
  95  8:16  High Templar x2  
  95  8:17  High Templar  
  95  8:19  High Templar  
  101  8:20  Probe  
  101  8:21  Probe  
  101  8:22  Probe  
  101  8:24  Archon x2  
  101  8:25  Protoss Ground Weapons Level 2  
  101  8:26  High Templar  
  108  8:28  High Templar x2  
  108  8:32  Archon  
  108  8:33  Probe  
  113  8:37  Archon  
  113  8:40  Immortal, Probe x2  
  115  8:45  Probe  
  116  8:49  Probe  
  116  8:52  Probe x2  
  116  8:54  Robotics Facility  
  123  8:57  Robotics Facility  
  123  9:03  Probe  
  124  9:10  Probe x3  
  124  9:12  Immortal, Assimilator  
  124  9:13  Assimilator  
  126  9:19  Probe  
  126  9:24  Probe, Robotics Bay  
  128  9:25  Sentry, Blink  
  128  9:28  Zealot  
  128  9:30  Probe x2  
  134  9:32  Photon Cannon  
  134  9:36  Photon Cannon  
  134  9:37  Zealot x3  
  140  9:38  Zealot  
  142  9:46  Immortal  
  146  9:54  Stalker x4  
  152  10:04  Immortal  
  154  10:12  Colossus  
  154  10:17  Stalker x2  
  154  10:18  Colossus  
  154  10:20  Stalker  
  155  10:31  Pylon  
  155  10:33  Pylon  
  155  10:35  Pylon  
  155  10:37  Nexus  
  155  10:38  Extended Thermal Lance  
  155  10:40  Pylon  
  155  10:52  Probe  
  155  10:57  Colossus  
  160  11:08  Stargate  
  154  11:23  Colossus, Warp Prism  
  154  11:29  Stalker x3  
  156  11:37  Probe  
  149  11:46  Sentry  
  151  11:50  Warp Prism, Probe x4  
  157  11:55  Stalker x2  
  157  11:59  Immortal  
  165  12:02  Probe  
  166  12:12  Zealot x3  
  170  12:17  Immortal  
  170  12:21  Stalker x4  
  180  12:34  Stalker x5  
  176  12:47  Stalker x4  
Show
View Real Time Build Order
Export as new Build Order

Ziggy Terran 

Build Orders: Gas First Reaper Expand, Mech 

Get SALT Encoding   

  12  0:00  SCV  
  13  0:12  SCV  
  14  0:17  Supply Depot  
  14  0:24  SCV  
  15  0:29  Refinery  
  15  0:39  SCV  
  16  0:45  Barracks  
  16  0:51  SCV  
  17  1:03  SCV  
  18  1:15  SCV  
  19  1:32  Orbital Command, Reaper  
  20  1:52  Command Center  
  20  2:00  Factory  
  20  2:06  Barracks Reactor  
  20  2:10  Bunker  
  20  2:14  SCV  
  21  2:18  Refinery  
  21  2:26  SCV  
  21  2:27  Supply Depot  
  22  2:38  SCV  
  23  2:50  SCV  
  24  2:51  Starport  
  24  2:55  Hellion  
  24  2:57  Hellion  
  28  3:02  SCV  
  29  3:10  Orbital Command  
  29  3:18  Widow Mine  
  29  3:19  Widow Mine  
  33  3:24  SCV  
  34  3:27  Medivac  
  36  3:36  SCV  
  36  3:37  SCV  
  42  3:41  Widow Mine x2  
  42  3:42  Supply Depot  
  42  3:49  SCV  
  42  3:54  SCV  
  43  4:01  Medivac  
  43  4:02  SCV  
  44  4:06  SCV  
  43  4:13  Command Center  
  43  4:14  SCV  
  43  4:16  Widow Mine  
  46  4:18  Widow Mine  
  46  4:21  SCV  
  49  4:26  Barracks Tech Lab  
  49  4:27  Factory  
  49  4:30  SCV  
  50  4:33  SCV  
  50  4:38  Widow Mine  
  53  4:40  Refinery  
  53  4:42  SCV  
  54  4:48  Supply Depot  
  54  4:51  SCV  
  55  4:53  Engineering Bay  
  55  4:54  Factory  
  55  4:55  SCV  
  56  5:01  Widow Mine x2  
  56  5:03  SCV  
  61  5:07  SCV  
  61  5:08  Refinery  
  62  5:14  Supply Depot  
  62  5:15  SCV  
  63  5:22  Siege Tank  
  63  5:26  Hellion  
  68  5:31  Orbital Command  
  68  5:34  SCV  
  68  5:35  SCV  
  62  5:47  SCV  
  62  5:48  SCV  
  62  5:52  Hellion x2  
  62  5:53  Mag-Field Accelerator  
  62  5:55  Siege Tank  
  69  5:59  SCV  
  69  6:00  Factory Tech Lab  
  68  6:05  SCV x2  
  68  6:09  Armory x2  
  68  6:11  SCV  
  69  6:17  SCV, Hellion x2  
  74  6:21  SCV  
  74  6:22  Siege Tank  
  74  6:25  SCV  
  79  6:27  Siege Tank  
  79  6:30  Missile Turret  
  82  6:33  SCV  
  82  6:34  SCV  
  82  6:38  Missile Turret  
  84  6:41  SCV, Missile Turret  
  84  6:44  Missile Turret x2  
  85  6:49  SCV  
  85  6:51  SCV  
  91  6:57  Terran Vehicle And Ship Armor Level 1  
  91  7:00  Cyclone  
  90  7:04  Supply Depot  
  90  7:05  Supply Depot  
  90  7:06  Supply Depot, Terran Vehicle Weapons Level 1  
  90  7:08  Orbital Command  
  90  7:10  SCV x2  
  92  7:25  SCV  
  92  7:26  SCV, Refinery, Infernal Pre-Igniter, Hellion x2, Cyclone  
  92  7:27  Refinery  
  101  7:35  Factory  
  101  7:38  SCV x2, Factory  
  101  7:39  SCV  
  104  7:45  Cyclone  
  97  7:59  Cyclone  
  97  8:01  SCV x2  
  97  8:02  SCV  
  96  8:13  SCV x2  
  96  8:15  SCV  
  96  8:17  Hellion x2, Cyclone  
  104  8:25  SCV x2, Factory Tech Lab x2  
  106  8:27  SCV  
  106  8:31  Cyclone  
  106  8:33  Command Center  
  110  8:37  SCV x2  
  110  8:39  SCV, Starport Reactor  
  110  8:40  Hellion x2  
  117  8:46  Supply Depot  
  117  8:47  Supply Depot x2  
  117  8:48  Supply Depot  
  117  8:50  Missile Turret  
  117  8:55  Missile Turret x2  
  117  8:57  Terran Vehicle And Ship Armor Level 2, Sensor Tower  
  117  9:03  Terran Vehicle Weapons Level 2  
  117  9:08  SCV x2, Cyclone, Siege Tank  
  125  9:11  Cyclone x2  
  125  9:12  Liberator  
  125  9:13  Liberator  
  131  9:23  Hellion  
  131  9:24  Hellion  
  135  9:30  Supply Depot  
  141  9:40  Cyclone  
  141  9:43  Factory  
  141  9:45  Command Center, Hellion x2  
  148  9:49  SCV x2  
  148  9:50  SCV  
  151  9:54  Cyclone x2  
  157  10:01  SCV, Cyclone  
  157  10:04  SCV  
  157  10:07  Refinery x2  
  162  10:15  Cyclone  
  163  10:26  Cyclone  
  163  10:27  Cyclone  
  163  10:28  Hellion  
  163  10:29  Hellion  
  163  10:33  Cyclone  
  168  10:38  Planetary Fortress  
  168  10:43  SCV x3  
  168  10:46  Missile Turret  
  168  10:47  Missile Turret  
  168  10:48  Missile Turret  
  168  10:49  Missile Turret  
  171  10:51  Supply Depot  
  171  10:52  Supply Depot x2  
  171  10:55  SCV  
  171  10:56  Cyclone  
  175  10:57  Factory Tech Lab  
  175  11:10  Cyclone x3  
  184  11:14  Hellion x2  
  179  11:22  Liberator x2  
  179  11:23  Cyclone  
  179  11:28  Cyclone  
  172  11:35  Hellion x2  
  169  11:42  Cyclone  
  169  11:43  Hellion, Cyclone  
  180  11:47  Missile Turret  
  180  11:55  Hellion  
  180  11:57  Hellion x2  
  180  12:00  Thor  
  192  12:05  Cyclone  
  195  12:14  Cyclone  
  195  12:15  Refinery  
  198  12:17  Refinery  
Tags
 
Add a new tag
Caveats
  • Supply blocks, unpowered buildings, or Contaminate may cause inaccurate times.
  • Supply counts are checked every 10 seconds.